 Dungeon Crawl Stone Soup version 0.24-a0-139-geb6712d (webtiles) character file.

Game seed: 17721685258885580781

10167 Anon1729 the Basher (level 11, -16/107 (109) HPs)
             Began as a Troll Monk on Mar 1, 2019.
             Was a High Priest of Qazlal.
             Demolished by a shadow (30 damage)
             ... on level 11 of the Dungeon.
             The game lasted 00:21:57 (9254 turns).

Anon1729 the Basher (Troll Monk)                    Turns: 9254, Time: 00:21:57

HP:   -16/107 (109) AC: 12    Str: 21    XL:     11   Next: 32%
MP:   13/13         EV: 14    Int:  6    God:    Qazlal [*****.]
Gold: 633           SH:  6    Dex: 15    Spells: 7/10 levels left

rFire    . . .     SeeInvis .   a - +0 great mace
rCold    . . .     Gourm    +   (shield currently unavailable)
rNeg     . . .     Faith    .   Y - +0 troll leather armour
rPois    +         Spirit   .   e - +1 hat
rElec    .         Reflect  .   T - +2 cloak {+Inv}
rCorr    .         Harm     .   (gloves unavailable)
MR       .....                  (boots unavailable)
Stlth    +.........             s - amulet of regeneration
HPRegen  1.47/turn              U - ring of poison resistance
MPRegen  0.13/turn              F - ring of attention (curse)

@: repel missiles
A: large, unfitting armour, claws 3, fast metabolism 3, gourmand, regeneration
1, shaggy fur 1, tough skin 3
a: Upheaval, Elemental Force, Disaster Area, Renounce Religion, Evoke
Invisibility


You were on level 11 of the Dungeon.
You worshipped Qazlal.
Qazlal was extremely pleased with you.
You were very full.

You visited 1 branch of the dungeon, and saw 11 of its levels.

You collected 666 gold pieces.
You spent 33 gold pieces at shops.

Inventory:

Hand Weapons
 a - a +0 great mace (weapon)
 z - a +0 morningstar
Missiles
 k - 12 javelins (quivered)
Armour
 b - a +0 robe
 e - a +1 hat (worn)
 N - a +1 robe of fire resistance
 T - a +2 cloak of invisibility (worn)
 Y - a +0 troll leather armour (worn)
Jewellery
 o - an uncursed ring of protection from fire
 s - an amulet of regeneration (around neck)
 t - an uncursed ring of magical power
 y - an uncursed ring of see invisible
 C - an uncursed amulet of the acrobat {unknown}
 F - a cursed ring of attention (right claw)
 I - an uncursed amulet of the gourmand {unknown}
 U - a ring of poison resistance (left claw)
Wands
 p - a wand of iceblast (24)
 E - a wand of acid (1)
 O - a wand of random effects (19)
 R - a wand of polymorph (7)
 V - a wand of flame (16)
Scrolls
 d - 8 scrolls of teleportation
 g - a scroll of blinking {unknown}
 h - 3 scrolls of immolation {unknown}
 m - 4 scrolls of random uselessness {unknown}
 n - 9 scrolls of identify {unknown}
 q - a scroll of enchant armour {unknown}
 r - 3 scrolls of fog {unknown}
 u - 4 scrolls of remove curse {unknown}
 w - a scroll of enchant weapon {unknown}
 A - 2 scrolls of magic mapping {unknown}
 D - a scroll of noise {unknown}
 J - a scroll of holy word {unknown}
 Q - 2 scrolls of amnesia {unknown}
 X - a scroll of acquirement {unknown}
 Z - a scroll of vulnerability {unknown}
Potions
 f - 2 potions of curing {unknown}
 i - 2 potions of haste
 j - 5 potions of magic
 l - 2 potions of mutation {unknown}
 x - a potion of degeneration {unknown}
 B - 2 potions of brilliance {unknown}
 G - a potion of lignification
 H - 2 potions of flight
 K - a potion of cancellation {unknown}
 L - a potion of agility {unknown}
 M - 2 potions of ambrosia {unknown}
 P - a potion of berserk rage {unknown}
 W - a potion of might {unknown}
Comestibles
 c - 31 rations


   Skills:
 + Level 7.4 Fighting
 * Level 8.7 Maces & Flails
 + Level 7.4 Throwing
 + Level 2.6 Armour
 + Level 7.4 Dodging
 - Level 1.2 Stealth
 * Level 4.2 Invocations


You had 7 spell levels left.
You knew the following spells:

 Your Spells              Type           Power        Failure   Level  Hunger
a - Blink                 Tloc           N/A          65%         2    ###....
b - Apportation           Tloc           #.....       50%         1    ##.....

Your spell library contained the following spells:

 Spells                   Type           Power        Failure   Level  Hunger
 Animate Skeleton         Necr           N/A          50%         1    ##.....
 Confusing Touch          Hex            #.....       50%         1    ##.....
 Magic Dart               Conj           #...         50%         1    ##.....
 Summon Small Mammal      Summ           #...         50%         1    ##.....
 Call Imp                 Summ           #.......     65%         2    ###....
 Slow                     Hex            #.......     65%         2    ###....
 Conjure Flame            Conj/Fire      #.......     86%         3    ####...
 Mephitic Cloud           Conj/Pois/Air  #.......     86%         3    ####...


Dungeon Overview and Level Annotations

Branches:
Dungeon (11/15)            Temple (0/1) D:6             Orc (0/2) D:9
   Lair: D:8-11

Altars:
Fedhas
Qazlal
Sif Muna
Vehumet
Wu Jian
Xom
Yredelemnul

Shops:
D:5 *   D:9 ?

Annotations:
D:5 3 runed translucent doors, Stiffzip's ghost, amateur OpVM
D:7 3 runed translucent doors, vogonpoet's ghost, novice SpAs


Innate Abilities, Weirdness & Mutations

You are too large for most types of armour.
You have claws for hands.
Your metabolism is lightning-fast.
You like to eat raw meat.
Your natural rate of healing is unusually fast.
You are covered in fur. (AC +1)
You have extremely tough skin. (AC +3)


Message History

The shadow slips into darkness.
The shadow flickers and vanishes!
Deactivating autopickup; reactivate with Ctrl-A.
An orc wizard comes into view. It is wielding a +0 dagger.
The orc wizard gestures at you while chanting.
The puff of flame hits something.
The shadow strikes at you from the darkness!
* * * LOW HITPOINT WARNING * * *
Reactivating autopickup.
Unknown command.
You hear a howl!
Okay, then.
The shadow is no longer covered in acid.
You barely miss the shadow.
The shadow is severely damaged.
The shadow slips into darkness.
The shadow flickers and vanishes!
Deactivating autopickup; reactivate with Ctrl-A.
The shadow strikes at you from the darkness!
You die...

.##.#........# #.#
......♣.....# #.#
###.#.).♣..... #.#
..........♣... #.#
#.....♣.♣... #.#
#......†...# #.#
##.........# #.#
#.#..###### #@#
#.##.#####.
#.######..........
#...o.).....######
#############


There were no monsters in sight!

Vanquished Creatures
  2 two-headed ogres
  Pikel (D:6)
  A troll (D:10)
  Prince Ribbit (D:5)
  Sigmund (D:3)
  2 hippogriffs
  A wyvern (D:10)
  8 yaks
  A human (D:7)
  4 hogs (D:7)
  Duvessa (D:7)
  A sky beast (D:7)
  An ice beast (D:9)
  5 orc warriors
  2 black bears
  2 necrophages
  3 phantoms
  2 ogres
  7 centaurs
  A crocodile (D:9)
  A big kobold (D:10)
  5 bullfrogs
  Dowan (D:7)
  3 scorpions
  7 killer bees
  A jelly (D:6)
  6 howler monkeys
  2 centaur zombies (D:7)
  5 crimson imps
  2 bullfrog zombies (D:5)
  2 bullfrog skeletons
  6 hounds
  9 orc priests
  4 centaur skeletons
  Crazy Yiuf (D:7)
  Jessica (D:2)
  4 iguanas
  6 orc wizards
  4 worker ants
  A hound zombie (D:9)
  A hound skeleton (D:6)
  A worker ant zombie (D:11)
  A howler monkey zombie (D:7)
  10 adders
  8 gnolls
  2 shadow imps (D:9)
  An ooze (D:1)
  3 dart slugs
  6 leopard geckos
  31 orcs
  A ball python (D:3)
  5 bats
  3 giant cockroaches
  5 goblins
  9 hobgoblins
  23 jackals
  15 kobolds
  A quokka (D:2)
  7 frilled lizards
  8 rats
  A bush (D:8)
  A fungus (D:7)
261 creatures vanquished.

Vanquished Creatures (others)
  A slave (D:6)
  2 jackals (D:5)
3 creatures vanquished.

Grand Total: 264 creatures vanquished

Notes
Turn   | Place    | Note
-------+----------+-------------------------------------------
     0 | D:1      | Anon1729 the Troll Monk began the quest for the Orb.
     0 | D:1      | Reached XP level 1. HP: 22/22 MP: 0/0
    77 | D:1      | Reached XP level 2. HP: 29/29 MP: 1/1
   364 | D:1      | Reached skill level 3 in Maces & Flails
   568 | D:1      | Reached XP level 3. HP: 26/36 MP: 2/2
  1032 | D:2      | Noticed Jessica
  1035 | D:2      | Found an ornate altar of the Wu Jian Council.
  1045 | D:2      | Killed Jessica
  1045 | D:2      | Reached skill level 1 in Throwing
  1045 | D:2      | Reached XP level 4. HP: 30/45 MP: 3/3
  1617 | D:2      | Reached XP level 5. HP: 37/53 MP: 4/4
  2032 | D:3      | Found a basalt altar of Yredelemnul.
  2369 | D:4      | Noticed Sigmund
  2495 | D:3      | Killed Sigmund
  2495 | D:3      | Reached skill level 4 in Maces & Flails
  2495 | D:3      | Reached XP level 6. HP: 25/62 MP: 5/5
  3127 | D:4      | Found a deep blue altar of Sif Muna.
  3127 | D:4      | Found a blossoming altar of Fedhas.
  3290 | D:5      | Entered Level 5 of the Dungeon
  3299 | D:5      | Reached XP level 7. HP: 55/68 MP: 6/6
  3360 | D:5      | Found Fitroth's General Store.
  3368 | D:5      | Bought a scroll of teleportation for 33 gold pieces
  3558 | D:5      | Found a stormy altar of Qazlal.
  3566 | D:5      | Became a worshipper of Qazlal Stormbringer
  3566 | D:5      | Reached * piety under Qazlal
  3566 | D:5      | Reached ** piety under Qazlal
  3603 | D:5      | Found a shimmering altar of Xom.
  3799 | D:5      | Reached XP level 8. HP: 72/77 MP: 7/7
  3826 | D:5      | Reached skill level 5 in Maces & Flails
  3967 | D:5      | Found a runed translucent gate.
  3967 | D:5      | Found a runed translucent gate.
  3968 | D:5      | Found a runed translucent gate.
  3968 | D:5      | Noticed Stiffzip's ghost (amateur OpVM)
  3991 | D:5      | Noticed Prince Ribbit
  4017 | D:5      | Killed Prince Ribbit
  4116 | D:5      | Found a radiant altar of Vehumet.
  4142 | D:5      | Reached skill level 5 in Fighting
  4142 | D:5      | Reached skill level 5 in Dodging
  4626 | D:6      | Noticed Pikel
  4641 | D:6      | Killed Pikel
  4641 | D:6      | Reached skill level 6 in Maces & Flails
  4641 | D:6      | Reached skill level 5 in Throwing
  4641 | D:6      | Reached XP level 9. HP: 71/86 MP: 8/8
  4760 | D:6      | Found a staircase to the Ecumenical Temple.
  5332 | D:7      | Found a runed translucent door.
  5332 | D:7      | Noticed Crazy Yiuf
  5361 | D:7      | Found a runed translucent gate.
  5424 | D:7      | Reached *** piety under Qazlal
  5561 | D:7      | Reached skill level 7 in Maces & Flails
  5670 | D:7      | Noticed Duvessa
  5682 | D:7      | Killed Duvessa
  5683 | D:7      | Noticed Dowan
  5687 | D:7      | Killed Dowan
  5767 | D:7      | Reached XP level 10. HP: 84/98 MP: 9/9
  6092 | D:7      | Noticed vogonpoet's ghost (novice SpAs)
  6100 | D:7      | Found a runed translucent gate.
  6100 | D:7      | Found a runed translucent gate.
  6332 | D:7      | Killed Crazy Yiuf
  7308 | D:9      | Reached skill level 1 in Invocations
  7316 | D:9      | Reached **** piety under Qazlal
  7367 | D:9      | Reached skill level 1 in Armour
  7459 | D:9      | Found Zugh's Magic Scroll Shop.
  7515 | D:9      | Noticed a two-headed ogre
  7537 | D:9      | Killed a two-headed ogre
  7541 | D:9      | Reached skill level 8 in Maces & Flails
  7844 | D:9      | Learned a level 2 spell: Blink
  7846 | D:9      | Learned a level 1 spell: Apportation
  8310 | D:9      | Found a staircase to the Orcish Mines.
  8442 | D:10     | Entered Level 10 of the Dungeon
  8497 | D:10     | Reached XP level 11. HP: 103/107 MP: 12/12
  9208 | D:11     | Noticed a two-headed ogre
  9245 | D:11     | Killed a two-headed ogre
  9245 | D:11     | Reached ***** piety under Qazlal
  9248 | D:11     | HP: 5/107 [something (23)]
  9254 | D:11     | Demolished by a shadow

Levels and vault maps discovered:
D:1:      ncdulo_smallfort, layout_loops_corners
D:2:      layout_basic, lemuel_altar_in_water, uniq_jessica
D:3:      layout_basic, nicolae_overflow_hidden_temple, first_ration
D:4:      layout_gridville, gammafunk_temple_overflow_elements,
          chequers_serial_rivers_small_b, uniq_sigmund
D:5:      layout_basic, lemuel_round_altar, lemuel_crystal_altar,
          grunt_qazlal_clouds, ebering_ghost_rock_garden, serial_shops, shop,
          uniq_prince_ribbit1
D:6:      layout_loops_corners, minmay_temple_entry_arrows,
          hangedman_decor_slide_cut, uniq_pikel
D:7:      layout_loops_ring, gammafunk_ghost_icy, st_stairs_4, grunt_livestock,
          corexii_item_surrounded_by_moat, uniq_duvessa, uniq_crazy_yiuf_cottage
D:8:      layout_loops_ring, serial_co_window_serial, co_window_paths_b,
          co_window_paths_a, co_window_cross_1, co_window_corner_a,
          co_window_corner_a, co_window_paths_c, co_window_of_opportunity_b,
          co_window_corner_b, glass_columns_a, glass_columns_b, glass_columns_c,
          kb_lookout_dungeons_type
D:9:      layout_small_grid, david_orc_4, serial_shops, shop_scrolls
D:10:     layout_roguey
D:11:     layout_loops_ring, erik_lair_orcish_takeover, serial_shops,
          nicolae_shop_stone, portal_ice_cave_entry_pillars_1, chequers_garden,
          dk_noncrumbling_2, elves_outpost_lemuel

Skill      XL: |  1  2  3  4  5  6  7  8  9 10 11 |
---------------+----------------------------------+-----
Maces & Flails | 3 4 6 7 8 |  8.7
Fighting       | 3 4 5 6 7 |  7.4
Throwing       | 1 2 3 5 6 7 |  7.4
Dodging        | 3 4 5 6 7 |  7.4
Invocations    | 3 4 |  4.2
Armour         | 2 |  2.6
Stealth        | |  1.2

Action                   |  1- 3 |  4- 6 |  7- 9 | 10-12 || total
-------------------------+-------+-------+-------+-------++-------
Melee: Mace              |   117 |   211 |       |       ||   328
       Morningstar       |       |    39 |   363 |   372 ||   774
       Great mace        |       |       |       |    45 ||    45
Throw: Javelin           |     4 |       |    11 |       ||    15
 Cast: Blink             |       |       |       |     1 ||     1
Evoke: Wand              |       |       |       |     9 ||     9
  Use: Potion            |       |       |       |     3 ||     3
 Stab: Sleeping          |     2 |     7 |       |       ||     9
  Eat: Chunk             |    15 |    17 |    29 |    32 ||    93
Armor: Robe              |    61 |   127 |    76 |   118 ||   382
       Skin              |       |       |       |    16 ||    16
       Troll leather arm |       |       |       |    18 ||    18
Dodge: Dodged            |    61 |   262 |   231 |   287 ||   841
       Deflected         |       |       |       |     2 ||     2
Block: Other             |       |       |    41 |   123 ||   164

Table legend:
 A = Non-vault XP
 B = Vault XP
 C = Vault XP percentage of total XP
 D = Non-vault monster count
 E = Vault monster count
 F = Vault count percentage of total count
                 A         B        C        D         E       F
            +---------+---------+-------+---------+---------+-------
      Total |   11098 |    3427 |  23.6 |     227 |      32 |  12.4
            +---------+---------+-------+---------+---------+-------
        D:1 |      51 |       0 |   0.0 |      25 |       0 |   0.0
        D:2 |     111 |      37 |  25.0 |      26 |       1 |   3.7
        D:3 |     164 |     242 |  59.6 |      28 |       1 |   3.4
        D:4 |      92 |       0 |   0.0 |       6 |       0 |   0.0
        D:5 |    1023 |     277 |  21.3 |      19 |       1 |   5.0
        D:6 |     711 |     673 |  48.6 |      20 |       1 |   4.8
        D:7 |    1302 |    1391 |  51.7 |      29 |      10 |  25.6
        D:8 |     630 |     119 |  15.9 |      12 |       1 |   7.7
        D:9 |    3199 |     688 |  17.7 |      35 |      17 |  32.7
       D:10 |    2239 |       0 |   0.0 |      23 |       0 |   0.0
       D:11 |    1576 |       0 |   0.0 |       4 |       0 |   0.0
            +---------+---------+-------+---------+---------+-------
